AoeStats
← Redwings10k

Black Forest

505711806Analyzed
3v3 RM · 23d ago on Sep 10, 2026· 50m 30s· 6 players
Game mode
Random Map
Map size
Normal (6 player)
Population
200
Speed
Normal
Resources
Standard
Victory
Conquest
Starting age
Dark Age
Ending age
Imperial Age
RankedLock teamsTeams togetherTeam positionsShared explorationLock speedFull tech treeHidden civsTurbo modeCheats
Victory
Defeat
🇫🇮 Maya · Finland
1355
+13
🇫🇮 Burgundians · Finland
1315
+15
🇫🇮 Dravidians · Finland
1248
+17
🇫🇷 Huns · France
1316
-16
🇿🇦 Tatars · South Africa
1276
-15
🇲🇽 Celts · Mexico
1259
-14
Redwings10k
0:46 Loom
7:10 Double-Bit Axe
12:13 Feudal Age
16:00 Castle Age
13:45 Horse Collar
14:17 Bow Saw
15:19 Heavy Plow
22:29 Wheelbarrow
23:56 Gold Mining
26:01 Two-Man Saw
26:55 Stone Mining
27:55 Hand Cart
30:30 Imperial Age
27:52 Town Watch
28:16 Scale Barding Armor
29:15 Gold Shaft Mining
29:17 Stone Shaft Mining
29:15 Crop Rotation
29:17 Chain Barding Armor
29:09 Masonry
29:12 Fortified Wall
30:05 Forging
30:05 Cavalier
30:46 Husbandry
31:24 Iron Casting
31:16 Masonry
32:16 Plate Barding Armor
33:17 Blast Furnace
33:20 Chemistry
32:40 Ballistics
32:16 Paladin
33:56 Town Patrol
35:40 Fletching
39:42 Murder Holes
39:36 Light Cavalry
42:56 Hussar
44:07 Bodkin Arrow
piineri
8:18 Loom
12:28 Feudal Age
13:08 Double-Bit Axe
13:06 Horse Collar
18:09 Castle Age
20:21 Wheelbarrow
19:52 Gold Mining
20:05 Heavy Plow
20:19 Bow Saw
25:33 Stone Mining
29:40 Imperial Age
31:39 Hand Cart
31:09 Town Watch
31:56 Elite Elephant Archer
32:43 Thumb Ring
33:37 Fletching
33:47 Padded Archer Armor
34:10 Ballistics
34:38 Bodkin Arrow
35:47 Chemistry
36:19 Two-Man Saw
35:55 Bracer
36:11 Leather Archer Armor
36:42 Husbandry
38:29 Ring Archer Armor
44:40 Light Cavalry
45:27 Scale Barding Armor
45:33 Forging
49:19 Iron Casting
49:05 Chain Barding Armor
49:27 Caravan
freckles_and_rainbows
8:52 Loom
11:16 Feudal Age
12:03 Feudal Age
12:43 Town Watch
13:32 Double-Bit Axe
15:57 Castle Age
14:55 Horse Collar
15:06 Gold Mining
17:25 Bow Saw
17:33 Heavy Plow
23:50 Wheelbarrow
25:24 Hand Cart
25:50 Stone Mining
28:31 Stone Shaft Mining
31:23 Imperial Age
29:48 Fortified Wall
29:53 Fletching
30:25 Ballistics
30:42 Masonry
30:38 Bodkin Arrow
30:45 Padded Archer Armor
32:18 Bracer
33:20 Chemistry
32:53 Architecture
32:19 Elite Plumed Archer
34:16 Careening
34:56 Conscription
35:53 Two-Man Saw
35:24 Crop Rotation
36:33 Onager
37:28 Murder Holes
37:14 Treadmill Crane
37:52 Leather Archer Armor
37:44 Thumb Ring
38:31 Hoardings
38:14 Scale Mail Armor
38:25 Forging
38:17 Squires
38:02 Arson
37:38 Eagle Warrior
39:57 Chain Mail Armor
40:13 Ring Archer Armor
39:55 Pikeman
41:12 Iron Casting
40:49 Halberdier
42:56 Plate Mail Armor
44:09 Coinage
44:26 Guilds
43:39 Elite Eagle Warrior
44:56 Holcans
45:27 Blast Furnace
46:31 Caravan
47:02 Banking
49:53 Capped Ram
TARBA-BAR
1:15 Loom
12:20 Feudal Age
16:19 Castle Age
15:03 Bloodlines
16:09 Double-Bit Axe
17:06 Horse Collar
20:23 Scale Barding Armor
22:19 Gold Mining
24:41 Husbandry
27:06 Chain Barding Armor
27:39 Forging
29:19 Iron Casting
35:40 Thumb Ring
36:26 Elite Skirmisher
39:40 Imperial Age
37:54 Ballistics
37:39 Padded Archer Armor
38:15 Fletching
38:48 Bow Saw
38:42 Heavy Plow
39:39 Leather Archer Armor
39:47 Bodkin Arrow
41:30 Chemistry
43:40 Capped Ram
dLevantine
0:42 Loom
10:01 Feudal Age
11:01 Gold Mining
11:02 Double-Bit Axe
12:33 Horse Collar
19:33 Castle Age
18:00 Stone Mining
19:57 Wheelbarrow
20:24 Bow Saw
20:17 Heavy Plow
25:39 Hand Cart
27:20 Gold Shaft Mining
31:04 Imperial Age
28:37 Treadmill Crane
28:52 Murder Holes
30:15 Stone Shaft Mining
30:30 Caravan
32:46 Chemistry
32:10 Forging
32:01 Scale Mail Armor
31:36 Onager
32:04 Capped Ram
34:30 Iron Casting
34:10 Chain Mail Armor
34:41 Furor Celtica
35:29 Conscription
35:19 Stronghold
35:26 Pikeman
38:33 Heavy Scorpion
41:21 Ballistics
41:07 Siege Engineers
41:12 Masonry
42:28 Siege Ram
45:10 Halberdier
Lilith Realm
10:31 Feudal Age
15:04 Castle Age
13:29 Double-Bit Axe
13:26 Horse Collar
16:29 Bow Saw
21:19 Loom
21:20 Town Watch
22:10 Wheelbarrow
21:58 Heavy Plow
24:53 Hand Cart
25:11 Gold Mining
25:12 Stone Mining
29:43 Imperial Age
27:36 Bloodlines
27:46 Scale Barding Armor
27:45 Husbandry
28:30 Forging
28:47 Chain Barding Armor
29:29 Gold Shaft Mining
30:14 Iron Casting
30:05 Elite Steppe Lancer
31:00 Silk Armor
32:25 Crop Rotation
32:19 Conscription
32:43 Plate Barding Armor
33:35 Blast Furnace
34:21 Light Cavalry
35:48 Fletching
36:17 Fortified Wall
36:29 Ballistics
37:09 Chemistry
38:02 Caravan
40:03 Hussar
44:43 Coinage
44:23 Guilds
46:32 Bombard Tower
46:23 Masonry
46:18 Siege Engineers
46:09 Murder Holes
46:28 Timurid Siegecraft
50:37 Banking
Connection lost

Rejoining the realm…

Still unreachable

The connection could not be restored.

Session expired

The server has moved on; the page needs a fresh start.